 Dungeon Crawl Stone Soup version 0.21.1 (webtiles) character file.

93127 komo4ek the Imperceptible (level 16, -1/104 HPs)
             Began as an Octopode Enchanter on Feb 3, 2018.
             Was the Champion of Ashenzari.
             Slain by a naga warrior
             ... wielding a +0 flail
              (23 damage)
             ... on level 1 of the Snake Pit.
             The game lasted 03:04:53 (35522 turns).

komo4ek the Imperceptible (Octopode Enchanter)     Turns: 35522, Time: 03:04:54

Health: -1/104     AC:  1    Str: 15    XL:     16   Next: 7%
Magic:  14/26      EV: 26    Int: 23    God:    Ashenzari [******]
Gold:   1000       SH: 16    Dex: 23    Spells: 3/29 levels left

rFire    + . .     SeeInvis +   H - +6 dagger (chaos) (curse)
rCold    . . .     Gourm    .   z - +4 shield "Uquesig" {rN++ Regen+ Dex+4 Stlth-} (curse)
rNeg     + + .     Faith    .   (helmet restricted)
rPois    +         Spirit   .   (no amulet)
rElec    .         Reflect  .   h - ring of wizardry (curse)
rCorr    +         Harm     .   C - ring "Pekhorr" {+Blink EV+4 Str+2} (curse)
MR       +++..     Clarity  +   Y - +4 ring of evasion
Stlth    +++++++++.             I - ring of stealth (curse)
HPRegen  0.67/turn              K - ring of resist corrosion (curse)
MPRegen  0.20/turn              N - ring of protection from magic (curse)
                                e - ring "Kenudgh" {*Corrode MR+ Str+3 Int+6}
                                O - ring of Qecooqol {rPois rF+ Str+2} (curse)

@: constricted
A: almost no armour, stealthy swim, amphibious, 8 rings, constrict 8, camouflage
1, gelatinous body 1
a: Curse Item, Scrying, Transfer Knowledge, Renounce Religion, Evoke Blink


You were on level 1 of the Snake Pit.
You worshipped Ashenzari.
Ashenzari was exalted by your worship.
You were not hungry.

You visited 5 branches of the dungeon, and saw 25 of its levels.
You also visited: Ossuary.

You collected 2374 gold pieces.
You spent 1374 gold pieces at shops.

Inventory:

Hand Weapons
 q - a +2 vampiric short sword
 H - a cursed +6 dagger of chaos (weapon)
 Q - a +2 longbow of flaming
Missiles
 n - 502 stones (quivered)
 F - 2 throwing nets
 R - 352 arrows
Armour
 z - the cursed +4 shield "Uquesig" (worn) {rN++ Regen+ Dex+4 Stlth-}
   (You found it on level 5 of the Dungeon)

   It affects your dexterity (+4).
   It greatly protects you from negative energy.
   It increases your rate of regeneration.
   It makes you less stealthy.
   It has a curse placed upon it.
Magical Staves
 V - an uncursed staff of poison
Jewellery
 e - the ring "Kenudgh" (on tentacle) {*Corrode MR+ Str+3 Int+6}
   (You bought it in a shop on level 2 of the Orcish Mines)

   [ring of protection from magic]

   It affects your strength (+3).
   It affects your intelligence (+6).
   It affects your resistance to hostile enchantments.
   It may corrode you when you take damage.
 h - a cursed ring of wizardry (left tentacle)
 C - the cursed ring "Pekhorr" (right tentacle) {+Blink EV+4 Str+2}
   (You found it on level 7 of the Dungeon)

   [ring of evasion]

   It affects your evasion (+4).
   It affects your strength (+2).
   It lets you blink.
   It has a curse placed upon it.
 G - an uncursed ring of protection from magic
 I - a cursed ring of stealth (on tentacle)
 K - a cursed ring of resist corrosion (on tentacle)
 N - a cursed ring of protection from magic (on tentacle)
 O - the cursed ring of Qecooqol (on tentacle) {rPois rF+ Str+2}
   (You acquired it on level 5 of the Lair of Beasts)

   [ring of protection from fire]

   It affects your strength (+2).
   It protects you from fire.
   It protects you from poison.
   It has a curse placed upon it.
 Y - a +4 ring of evasion (on tentacle)
Wands
 f - a wand of clouds (1)
 m - a wand of acid (5)
 s - a wand of digging (17)
 u - a wand of disintegration (19)
 y - a wand of scattershot (5)
 A - a wand of polymorph (10)
 U - a wand of enslavement (18)
Scrolls
 a - 6 scrolls of identify
 b - a scroll of fear
 d - 3 scrolls of teleportation
 g - a scroll of magic mapping
 i - 5 scrolls of immolation
 l - 2 scrolls of blinking
 p - 4 scrolls of fog
 w - 5 scrolls of enchant armour
 M - 3 scrolls of remove curse
 Z - a scroll of brand weapon
Potions
 j - 3 potions of lignification
 k - 3 potions of flight
 o - 11 potions of curing
 r - 2 potions of mutation
 t - a potion of cancellation
 v - 2 potions of agility
 x - 4 potions of brilliance
 B - a potion of resistance
 D - 3 potions of might
 E - a potion of magic
 L - 4 potions of heal wounds
 P - 2 potions of ambrosia
 S - a potion of haste
 X - 2 potions of invisibility
Books
 W - a book of Party Tricks

   Spells                             Type                      Level
   a - Summon Butterflies             Summoning                    1
   b - Apportation                    Translocation                1
   c - Lesser Beckoning               Translocation                3
   d - Tukima's Dance                 Hexes                        3
   e - Alistair's Intoxication        Transmutation/Poison         5
   f - Invisibility                   Hexes                        6
Miscellaneous
 J - a fan of gales
Comestibles
 c - 18 rations


   Skills:
 + Level 7.7 Fighting
 + Level 7.7(12.2) Short Blades
 + Level 10.0 Dodging
 + Level 24.0 Stealth
 + Level 7.2(10.3) Shields
 + Level 7.0 Spellcasting
 + Level 10.0(12.8) Hexes
 - Level 4.1(7.0) Summonings
 + Level 0.2(1.0) Ice Magic
 - Level 4.5(7.4) Air Magic


You had 3 spell levels left.
You knew the following spells:

 Your Spells              Type           Power        Failure   Level  Hunger
a - Corona                Hex            ######.      1%          1    None
b - Ensorcelled Hibernat  Hex/Ice        #####.       1%          2    None
c - Confuse               Hex            ######..     1%          3    None
d - Tukima's Dance        Hex            ######..     1%          3    None
e - Swiftness             Chrm/Air       ####....     1%          2    None
f - Summon Butterflies    Summ           #####...     1%          1    None
g - Invisibility          Hex            ######..     4%          6    ######.
h - Summon Mana Viper     Hex/Summ       ######..     2%          5    #####..
i - Ozocubu's Armour      Chrm/Ice       ##......     12%         3    None


Dungeon Overview and Level Annotations

Branches:
Dungeon (15/15)            Temple (1/1) D:5            Lair (6/6) D:10
 Shoals (0/4) Lair:3        Snake (1/4) Lair:3        Slime (0/5) Lair:6
    Orc (2/2) D:11            Elf (0/3) Orc:2        Vaults (0/5) D:13
 Depths (0/5) D:15

Altars:
Ashenzari
Dithmenos
Fedhas
Gozag
Hepliaklqana
Kikubaaqudgha
Makhleb
Qazlal
Ru
Sif Muna
Trog
Uskayaw
Vehumet
Xom
Yredelemnul
The Shining One
Beogh
Jiyva

Shops:
D:5 *   D:6 =   D:7 [?*   D:12 =   Orc:2 %?**=

Portals:
Trove: D:12 (give 8 potions of haste)

Annotations:
D:2 1 runed door


Innate Abilities, Weirdness & Mutations

You cannot wear most types of armour.
You are very stealthy in the water. (Stealth+)
You are amphibious.
You can wear up to eight rings at the same time.
You can use your tentacles to constrict eight enemies at once.
Your skin changes colour to match your surroundings (Stealth+).
Your rubbery body absorbs attacks. (AC +1, EV +1)


Message History

You hit the naga warrior but do no damage.
You squeeze the naga warrior.
The naga warrior is almost dead.
You block the naga warrior's attack.
* * * LOW HITPOINT WARNING * * *
The naga warrior constricts you.
You closely miss the naga warrior. You squeeze the naga warrior.
The naga warrior is almost dead.
Your shield prevents you from hitting the naga warrior.
You squeeze the naga warrior, but do no damage.
The naga warrior is almost dead.
The naga warrior spits poison at you. The splash of poison misses you.
* * * LOW HITPOINT WARNING * * *
The naga warrior constricts you.
You feel much better. The naga warrior hits you with a flail!
* * * LOW HITPOINT WARNING * * *
x2 The naga warrior constricts you.
The naga warrior hits you with a flail!!
You die...

#........>...#*,** *
#..........#... * *
###>.........##.., **
* #.......###### ,,
,{ * * , #....#### ,
* ,, #|...### # *, ,
* #......### *.# ,*,
#....#...######.####.
***
#....###..@NN........
, #....#
######.###### , **
#....# *#.# *,,*
###### #...#* *** ***
* *#.....# * * * * ∆
#........,, , ∆
,....{.{...# ** ***
∆, ....{.....## ,
..........##


You could see a naga warrior and a naga.

Vanquished Creatures
  Rupert (D:14)
  A dire elephant (Lair:5)
  Nessos (Lair:5)
  A fire dragon (Lair:6)
  4 hydras
  A rakshasa (D:15)
  Fannar (Lair:1)
  Erolcha (D:9)
  An ice dragon (Lair:6)
  2 centaur warriors (D:15)
  2 tengu warriors
  2 dancing weapons (D:13)
  10 two-headed ogres
  The ghost of loralnil the Fighter, a novice DsMo of Yredelemnul (D:9)
  3 orc high priests (Orc:2)
  A naga sharpshooter (Snake:1)
  A shock serpent (Snake:1)
  4 unseen horrors
  A naga ritualist (Snake:1)
  Pikel (D:4)
  2 orc knights
  A lindwurm (Lair:6)
  3 mana vipers (Snake:1)
  15 ugly things
  A deep elf mage (D:14)
  A cyclops (Orc:2)
  3 salamanders
  2 orc sorcerers
  14 elephants (Lair:5)
  3 manticores
  Maurice (D:9)
  6 black mambas
  A naga mage (Snake:1)
  A guardian serpent (Snake:1)
  Psyche (D:9)
  2 molten gargoyles (Lair:6)
  3 centaur skeletons
  12 spiny frogs
  8 komodo dragons
  2 rime drakes
  4 kobold demonologists
  A freezing wraith (D:14)
  A tengu conjurer (D:13)
  4 trolls
  A merfolk (shapeshifter) (D:15)
  2 slime creatures (D:15)
  13 dream sheep
  7 blink frogs (Lair:4)
  Sigmund (D:6)
  9 hippogriffs
  A vampire (D:11)
  41 yaks
  A yak (shapeshifter) (D:15)
  A spriggan (Lair:5)
  A tarantella (shapeshifter) (D:15)
  8 wyverns
  Eustachio (D:6)
  4 wraiths
  3 basilisks
  2 steam dragons
  A hog (shapeshifter) (Lair:6)
  7 hungry ghosts
  3 nagas
  A two-headed ogre zombie (Orc:1)
  A warg (Orc:1)
  A soldier ant (D:13)
  3 acid dragons
  8 porcupines
  4 hell hounds (Lair:6)
  12 water moccasins
  Duvessa (D:6)
  27 orc warriors
  3 sky beasts
  8 necrophages
  7 ice beasts
  2 slaves
  A black bear (D:10)
  A phantom (D:10)
  35 wolves
  An eye of draining (D:10)
  17 ogres
  A boggart (shapeshifter) (D:11)
  17 centaurs
  14 crocodiles
  Blork the orc (D:6)
  A big kobold (shapeshifter) (Lair:2)
  An elf zombie (Ossuary)
  3 big kobolds
  7 bullfrogs
  Dowan (D:6)
  A water moccasin zombie (D:7)
  5 scorpions
  7 killer bees
  A water moccasin skeleton (D:6)
  4 wights (D:15)
  5 howler monkeys
  5 crimson imps
  6 lava snakes
  6 centaur zombies
  A quasit (D:8)
  4 jellies
  38 orc priests
  7 hounds
  3 bullfrog skeletons
  Jessica (D:3)
  An iguana (D:11)
  38 orc wizards
  11 worker ants
  3 mummies (Ossuary)
  3 worker ant zombies
  Robin (D:2)
  6 gnolls
  16 adders
  3 shadow imps
  3 white imps (Lair:6)
  An ooze (D:1)
  An adder zombie (D:9)
  An adder skeleton (D:5)
  3 worms
  6 dart slugs
  5 leopard geckos
  102 orcs
  3 ball pythons
  5 giant cockroaches
  15 goblins
  8 hobgoblins
  23 jackals
  13 kobolds
  6 quokkas
  7 bats
  12 frilled lizards
  A giant cockroach zombie (D:6)
  A goblin zombie (Ossuary)
  4 hobgoblin zombies (Ossuary)
  8 kobold zombies (Ossuary)
  A quokka skeleton (D:4)
  9 rats
  2 fungi (Lair:6)
  A plant (Lair:5)
835 creatures vanquished.

Vanquished Creatures (others)
  An orc high priest (Orc:2)
  An ogre (Orc:2)
  An orc (D:13)
  94 fungi
  36 plants
133 creatures vanquished.

Grand Total: 968 creatures vanquished

Notes
Turn   | Place    | Note
-------+----------+-------------------------------------------
     0 | D:1      | komo4ek the Octopode Enchanter began the quest for the Orb.
     0 | D:1      | Reached XP level 1. HP: 11/11 MP: 3/3
   105 | D:1      | Reached XP level 2. HP: 14/17 MP: 5/5
   592 | D:1      | Reached XP level 3. HP: 17/21 MP: 6/6
  1076 | D:1      | Found a glowing golden altar of the Shining One.
  1093 | D:2      | Noticed Robin
  1725 | D:2      | Killed Robin
  1725 | D:2      | Reached XP level 4. HP: 24/27 MP: 7/7
  1928 | D:2      | Reached skill level 5 in Hexes
  1953 | D:2      | Learned a level 2 spell: Ensorcelled Hibernation
  1957 | D:2      | Learned a level 3 spell: Confuse
  2533 | D:2      | Found a runed door.
  2866 | D:3      | Reached XP level 5. HP: 31/31 MP: 1/8
  3286 | D:3      | Reached skill level 5 in Stealth
  3725 | D:3      | Noticed Jessica
  3734 | D:3      | Killed Jessica
  3903 | D:3      | Found a sacrificial altar of Ru.
  3997 | D:3      | Reached XP level 6. HP: 36/36 MP: 5/9
  4359 | D:4      | Noticed Pikel
  4359 | D:4      | Noticed a slave
  4359 | D:4      | Noticed a slave
  4359 | D:4      | Noticed a slave
  4359 | D:4      | Noticed a slave
  4373 | D:3      | Killed a slave
  4641 | D:4      | Reached skill level 6 in Stealth
  4896 | D:4      | Found a bloodstained altar of Trog.
  5304 | D:4      | Killed a slave
  5497 | D:4      | Reached skill level 7 in Stealth
  5551 | D:4      | Found a stormy altar of Qazlal.
  5551 | D:4      | Found a deep blue altar of Sif Muna.
  5551 | D:4      | Found a hazy altar of Hepliaklqana.
  5552 | D:4      | Found a hide-covered altar of Uskayaw.
  5607 | D:4      | Killed Pikel
  5607 | D:4      | Reached skill level 10 in Stealth
  5607 | D:4      | Reached XP level 7. HP: 28/41 MP: 0/10
  5720 | D:4      | Reached XP level 8. HP: 29/46 MP: 2/11
  5988 | D:5      | Entered Level 5 of the Dungeon
  6124 | D:5      | Got a polished shield
  6143 | D:5      | Identified the +4 shield "Uquesig" {rN++ Regen+ Dex+4 Stlth-} (You found it on level 5 of the Dungeon)
  6410 | D:5      | Reached skill level 11 in Stealth
  6805 | D:5      | Found Zoen Wuich's Assorted Antiques.
  7341 | D:5      | Found a staircase to the Ecumenical Temple.
  7347 | Temple   | Entered the Ecumenical Temple
  7367 | Temple   | Became a worshipper of Ashenzari the Shackled
  7615 | D:5      | Reached skill level 12 in Stealth
  8042 | D:6      | Noticed Duvessa
  8044 | D:6      | Noticed Dowan
  8054 | D:6      | Killed Duvessa
  8054 | D:6      | Reached skill level 13 in Stealth
  8058 | D:6      | Killed Dowan
  8692 | D:6      | Reached XP level 9. HP: 51/51 MP: 8/12
  8813 | D:6      | Noticed Eustachio
  8825 | D:6      | Killed Eustachio
  8825 | D:6      | Reached skill level 14 in Stealth
  8850 | D:6      | Noticed Blork the orc
  8864 | D:6      | HP: 1/51 [Blork the orc/puff of frost (10)]
  8865 | D:6      | Killed Blork the orc
  9180 | D:6      | Found Irasti Haumi's Jewellery Shop.
  9263 | D:6      | Noticed Sigmund
  9271 | D:6      | Killed Sigmund
  9784 | D:7      | Found an opulent altar of Gozag.
  9788 | D:7      | Found Gozag's Platinum Reserve.
  9804 | D:7      | Reached skill level 15 in Stealth
  9892 | D:7      | Identified the ring "Pekhorr" {+Blink EV+4 Str+2}
  9954 | D:7      | Found Mor Cionwu's Magic Scroll Boutique.
 10183 | D:7      | Bought a scroll of identify for 22 gold pieces
 10183 | D:7      | Bought a scroll of identify for 22 gold pieces
 10183 | D:7      | Bought a scroll of identify for 22 gold pieces
 10205 | D:7      | Found Doelel's Antique Armour Emporium.
 10256 | D:7      | Found a sand-covered staircase.
 10363 | Ossuary  | Entered an ossuary
 10948 | D:7      | Reached * piety under Ashenzari
 10960 | D:7      | Reached skill level 16 in Stealth
 11137 | D:7      | Reached XP level 10. HP: 56/56 MP: 7/15
 11239 | D:7      | Found a shimmering altar of Xom.
 12449 | D:9      | Noticed Psyche
 12460 | D:9      | Killed Psyche
 12460 | D:9      | Reached skill level 17 in Stealth
 12692 | D:9      | Noticed loralnil's ghost (novice DsMo)
 13014 | D:9      | Noticed a two-headed ogre
 13058 | D:9      | Killed a two-headed ogre
 13174 | D:9      | Learned a level 3 spell: Tukima's Dance
 13227 | D:9      | Reached ** piety under Ashenzari
 13231 | D:9      | Noticed Erolcha
 13301 | D:9      | Noticed Maurice
 13311 | D:9      | Killed Maurice
 13432 | D:9      | Killed Erolcha
 13432 | D:9      | Reached skill level 18 in Stealth
 13511 | D:9      | Reached XP level 11. HP: 61/61 MP: 13/17
 13661 | D:9      | Reached skill level 19 in Stealth
 13936 | D:9      | Killed loralnil's ghost
 14401 | D:9      | Found a burning altar of Makhleb.
 14415 | D:9      | Learned a level 2 spell: Swiftness
 15295 | D:10     | Entered Level 10 of the Dungeon
 15295 | D:10     | Noticed a two-headed ogre
 15298 | D:10     | Killed a two-headed ogre
 15298 | D:10     | Reached skill level 1 in Fighting
 15298 | D:10     | Reached skill level 1 in Air Magic
 15694 | D:10     | Found a staircase to the Lair.
 16482 | D:11     | Reached skill level 1 in Shields
 16502 | D:11     | Noticed a two-headed ogre
 16721 | D:11     | Reached skill level 20 in Stealth
 16807 | D:11     | Noticed a manticore
 16821 | D:11     | Killed a manticore
 17256 | D:11     | Killed a two-headed ogre
 17256 | D:11     | Reached XP level 12. HP: 63/72 MP: 8/18
 17691 | D:11     | Found a deep blue altar of Sif Muna.
 17701 | D:11     | Found a staircase to the Orcish Mines.
 17745 | D:11     | Reached *** piety under Ashenzari
 17904 | D:11     | Identified the +3 flail of Eternal Night {crush, rC+}
 18356 | D:12     | Found Extal's Jewellery Shoppe.
 18365 | D:12     | Bought an uncursed ring of stealth for 262 gold pieces
 18385 | D:12     | Noticed a two-headed ogre
 18390 | D:12     | Killed a two-headed ogre
 18465 | D:12     | Found a portal to a secret trove of treasure.
 18911 | D:12     | Found a stormy altar of Qazlal.
 19541 | Lair:1   | Entered Level 1 of the Lair of Beasts
 19765 | Lair:1   | Reached skill level 5 in Spellcasting
 19888 | Lair:1   | Reached **** piety under Ashenzari
 20159 | Lair:1   | Reached skill level 5 in Dodging
 20617 | Lair:1   | Noticed Fannar
 20695 | Lair:2   | Identified the +10 flail "Oroito" {crush, rC+}
 21225 | Lair:2   | Identified a scroll of acquirement
 21449 | Lair:2   | Reached skill level 21 in Stealth
 21495 | Lair:2   | Reached XP level 13. HP: 81/81 MP: 9/20
 22709 | Lair:3   | Reached ***** piety under Ashenzari
 22773 | Lair:3   | Found a staircase to the Shoals.
 22999 | Lair:3   | Reached skill level 22 in Stealth
 23246 | Lair:3   | Found a staircase to the Snake Pit.
 24567 | Lair:4   | Reached skill level 23 in Stealth
 24970 | Lair:5   | Noticed Nessos
 24981 | Lair:5   | Killed Nessos
 25506 | Lair:5   | Noticed a dire elephant
 25613 | Lair:5   | Killed a dire elephant
 25613 | Lair:5   | Reached skill level 24 in Stealth
 25783 | Lair:5   | Reached XP level 14. HP: 85/85 MP: 9/21
 26087 | Lair:5   | Reached skill level 5 in Short Blades
 26257 | Lair:5   | Reached ****** piety under Ashenzari
 26413 | Lair:5   | Reached skill level 5 in Fighting
 26895 | Lair:5   | Identified the cursed ring of Qecooqol {rPois rF+ Str+2} (You acquired it on level 5 of the Lair of Beasts)
 27018 | Lair:6   | Entered Level 6 of the Lair of Beasts
 27074 | Lair:6   | Learned a level 1 spell: Summon Butterflies
 27187 | Lair:6   | Learned a level 6 spell: Invisibility
 27252 | Lair:6   | Found a staircase to the Slime Pits.
 27253 | Lair:6   | Found a viscous altar of Jiyva.
 27391 | Lair:6   | Reached skill level 1 in Summonings
 27629 | Lair:6   | Found a large runed door.
 27630 | Lair:6   | Found a large runed door.
 27830 | Lair:6   | Reached skill level 5 in Shields
 29024 | Lair:1   | Killed Fannar
 29441 | Orc:1    | Entered Level 1 of the Orcish Mines
 29941 | Orc:2    | Entered Level 2 of the Orcish Mines
 30242 | Orc:2    | Found a roughly hewn altar of Beogh.
 30303 | Orc:2    | Found a staircase to the Elven Halls.
 30312 | Orc:2    | Found Geher's Jewellery Shop.
 30320 | Orc:2    | Bought the ring "Kenudgh" {*Corrode MR+ Str+3 Int+6} for 498 gold pieces
 30731 | Orc:2    | Found Boll's Food Emporium.
 30731 | Orc:2    | Found Mueqarec's General Store.
 30733 | Orc:2    | Found Byxzuh's General Store.
 30737 | Orc:2    | Found Bonwamos's Magic Scroll Emporium.
 31150 | Orc:2    | Bought a scroll of remove curse for 48 gold pieces
 31152 | Orc:2    | Bought a wand of digging (19) for 460 gold pieces
 31152 | Orc:2    | Bought a potion of might for 40 gold pieces
 31292 | Orc:2    | Learned a level 5 spell: Summon Mana Viper
 31522 | Orc:1    | Reached XP level 15. HP: 93/93 MP: 24/24
 32012 | D:13     | Found a gate to the Vaults.
 32906 | D:14     | Identified the +7 spear "Kamm" {drain, *Slow Int+5} (You took it off an orc wizard on level 14 of the Dungeon)
 33632 | D:14     | Noticed Rupert
 33639 | D:14     | Killed Rupert
 33866 | D:15     | Entered Level 15 of the Dungeon
 33878 | D:15     | Found a staircase to the Depths.
 34209 | D:15     | Found a blossoming altar of Fedhas.
 35076 | Snake:1  | Entered Level 1 of the Snake Pit
 35100 | Snake:1  | Reached XP level 16. HP: 58/102 MP: 17/26
 35288 | Snake:1  | Reached skill level 10 in Dodging
 35408 | Snake:1  | Learned a level 3 spell: Ozocubu's Armour
 35451 | Snake:1  | Reached skill level 10 in Hexes
 35522 | Snake:1  | Slain by a naga warrior

Skill      XL: |  1  2  3  4  5  6  7  8  9 10 11 12 13 14 15 16 |
---------------+-------------------------------------------------+-----
Hexes          | 4 5 6 8 9 10 | 10.0
Stealth        | 5 10 13 16 18 20 21 24 | 24.0
Spellcasting   | 3 4 5 6 7 |  7.0
Fighting       | 3 4 6 7 |  7.7
Air Magic      | 2 4 |  4.5
Short Blades   | 3 4 6 7 |  7.7
Dodging        | 3 5 8 9 10 | 10.0
Shields        | 2 3 4 5 7 |  7.2
Summonings     | 3 4 |  4.1
Ice Magic      | |  0.2

Action                   |  1- 3 |  4- 6 |  7- 9 | 10-12 | 13-15 | 16-18 || total
-------------------------+-------+-------+-------+-------+-------+-------++-------
Melee: Dagger            |   109 |   214 |   256 |   533 |  1140 |    33 ||  2285
       Constrict         |    24 |    57 |    47 |    62 |   166 |     1 ||   357
       Tentacles         |    23 |    41 |    47 |    87 |   317 |    15 ||   530
Throw: Stone             |       |     6 |     8 |    21 |    47 |     1 ||    83
 Cast: Confuse           |       |    30 |    19 |   100 |   135 |     5 ||   289
       Ensorcelled Hiber |       |       |    37 |    98 |    69 |     2 ||   206
       Swiftness         |       |       |       |       |     6 |       ||     6
       Summon Butterflie |       |       |       |       |    21 |       ||    21
       Invisibility      |       |       |       |       |     4 |       ||     4
       Ozocubu's Armour  |       |       |       |       |       |     1 ||     1
Invok: Curse Item        |       |       |     3 |     3 |       |       ||     6
 Abil: Evoke Blink       |       |       |       |       |     2 |       ||     2
Evoke: Wand              |       |       |    13 |     6 |     9 |       ||    28
       Box of beasts     |       |       |       |       |     1 |       ||     1
  Use: Potion            |     1 |       |       |     6 |       |     1 ||     8
       Scroll            |       |     2 |    10 |    17 |    19 |     1 ||    49
 Stab: Sleeping          |     6 |     9 |    34 |    74 |   123 |     5 ||   251
       Distracted        |     1 |     1 |       |     4 |     5 |       ||    11
       Confused          |       |    11 |     8 |    39 |    64 |     2 ||   124
       Petrifying        |       |       |       |     3 |     3 |       ||     6
       Paralysed         |       |       |       |     3 |    10 |       ||    13
       Invisible         |       |       |       |       |    28 |       ||    28
  Eat: Chunk             |     2 |    13 |    13 |    16 |    21 |     1 ||    66
       Ration            |       |     1 |     3 |     9 |     9 |     1 ||    23
Armor: Skin              |    20 |    22 |     7 |    54 |     4 |       ||   107
Dodge: Dodged            |    96 |   100 |   115 |   148 |   320 |     9 ||   788
Block: Shield            |       |       |    23 |   244 |   452 |    10 ||   729
